 Dungeon Crawl Stone Soup version 0.29-a0-322-g68df515428 (webtiles) character file.

Game seed: 17824049134075386774

32 ImHallYall the Magician (level 3, 0/25 HPs)
             Began as a Djinni Air Elementalist on Apr 6, 2022.
             Was a Follower of Nemelex Xobeh.
             Slain by a phantom (6 damage)
             ... on level 2 of the Dungeon.
             The game lasted 00:09:04 (2165 turns).

ImHallYall the Magician (Djinni Air Elementalist)   Turns: 2165, Time: 00:09:04

Health: 0/25       AC:  2    Str:  7    XL:     3   Next: 42%
Gold:   105        EV: 12    Int: 16    God:    Nemelex Xobeh [*.....] SH:  0 Dex: 15

rFire   + + .      SeeInvis .   l - +0 long sword
rCold   x . .      Faith    .   (no shield)
rNeg    . . .      Spirit   .   a - +0 robe
rPois   ∞          Reflect  .   (no helmet)
rElec   .          Harm     .   (no cloak)
rCorr   .          Rampage  .   (no gloves)
Will    .....                   (boots unavailable)
Stlth   ++........              (no amulet)
HPRegen 0.08/turn               (no ring)
MPRegen 0.00/turn               (no ring)

@: flying
A: sickness immunity, fire resistance 2, cold vulnerability 1, float, innate
caster, HP casting, extra vitality 1
a: Renounce Religion, Draw Escape, Draw Destruction, Draw Summoning


You were on level 2 of the Dungeon.
You worshipped Nemelex Xobeh.
Nemelex Xobeh was aware of your devotion.
You visited 1 branch of the dungeon, and saw 2 of its levels.

You collected 105 gold pieces.

Inventory:

Hand Weapons
 c - a +0 dagger of protection
 e - a +0 club
 f - a +0 hand axe
 h - a +0 short sword
 l - a +0 long sword (weapon)
Missiles
 d - 6 poisoned darts (quivered)
Armour
 a - a +0 robe (worn)
Magical Staves
 m - a staff of cold
Scrolls
 b - 2 scrolls of blinking
 g - a scroll of holy word {unknown}
 i - a scroll of fog
 n - a scroll of torment {unknown}
 o - a scroll of summoning {unknown}
Potions
 j - a potion of mutation {unknown}
 k - a potion of might {unknown}
 p - 2 potions of brilliance {unknown}


   Skills:
 + Level 0.5 Short Blades
 + Level 2.6 Dodging
 + Level 1.7 Stealth
 + Level 3.0 Spellcasting


You couldn't memorise any spells.
You knew the following spells:

 Your Spells              Type           Power      Damage    Failure   Level
a - Shock                 Conj/Air       48%        1d6       5%          1
b - Static Discharge      Conj/Air       12%        N/A       9%          2
c - Swiftness             Air            12%        N/A       16%         3
d - Airstrike             Air            6%         N/A       47%         4
e - Slow                  Hex            48%        N/A       5%          1
Your spell library was empty.

Dungeon Overview and Level Annotations

Branches:
Dungeon (2/15)

Altars:
Nemelex Xobeh


Innate Abilities, Weirdness & Mutations

You are immune to sickness and miasma.
You are immune to poison.
Your flesh is very heat resistant. (rF++)
You are vulnerable to cold. (rC-)
You float through the air rather than walking.
You learn spells naturally, not from books.
Your magical power is your life essence.
You have superior vitality. (+4 MHP)


Message History

The bat is severely wounded.
The bat hits you. The bat barely misses you. The bat attacks as you move away!
The bat hits you but does no damage. The bat completely misses you.
You see here 2 coppery potions.
p - 2 coppery potions The bat barely misses you.
The bat closely misses you.
You see here 10 gold pieces.
You now have 98 gold pieces (gained 10).
The bat hits you but does no damage. The bat hits you but does no damage.
The bat hits you.
You hit the bat.
You kill the bat!
You now have 105 gold pieces (gained 7).
A phantom comes into view.
The phantom hits you.
The phantom blinks!
You blink.
You closely miss the phantom. The phantom hits you.
You barely miss the phantom. The phantom hits you.
The phantom blinks!
You blink.
The phantom hits you.
* * * LOW HITPOINT WARNING * * *
The phantom blinks!
You blink.
The phantom hits you but does no damage.
The phantom attacks as you move away!
The phantom hits you but does no damage.
You draw a card...
You have drawn Velocity.
Nothing appears to happen.
The deck of cards disappears without a trace.
The phantom misses you. The phantom misses you.
The phantom attacks as you move away! The phantom closely misses you.
The phantom hits you.
* * * LOW HITPOINT WARNING * * *
You draw a card...
You have drawn Pain.
Press: ? - help, Shift-Dir - straight line, f - phantom
Aim: a phantom The phantom is unaffected.
The phantom hits you.
You die...
Your body disappears without a glow.

#..## #..#
#).####
##########..<..#
#..............#
#..............#
#.......#....###
#...........##
#......@W#.##
#........#.#
.........##.#
##.......##.#
#.......##.#
######..##.#
#..##.# #..##.#
#..


You could see a phantom.

Vanquished Creatures
  2 dart slugs (D:1)
  6 ball pythons (D:1)
  3 bats
  An endoplasm (D:1)
  A giant cockroach (D:1)
  2 hobgoblins (D:1)
  2 kobolds (D:1)
  A quokka (D:1)
  2 frilled lizards (D:1)
  5 goblins
  A rat (D:1)
26 creatures vanquished.

Notes
Turn   | Place    | Note
-------+----------+-------------------------------------------
     0 | D:1      | ImHallYall the Djinni Air Elementalist began the quest for
                  | the Orb.
     0 | D:1      | Reached XP level 1. HP: 15/15 MP: 0/0
    24 | D:1      | Reached XP level 2. HP: 8/21 MP: 0/0
   333 | D:1      | Found a faded altar of an unknown god.
   389 | D:1      | Prayed at the altar of an unknown god.
   389 | D:1      | Became a worshipper of Nemelex Xobeh the Trickster
   389 | D:1      | Reached * piety under Nemelex Xobeh
   809 | D:1      | Received a gift from Nemelex Xobeh
   978 | D:1      | Reached XP level 3. HP: 8/25 MP: 0/0
   978 | D:1      | Learned a level 1 spell: Slow
  1569 | D:1      | Reached skill level 3 in Spellcasting
  2151 | D:2      | Noticed a phantom
  2165 | D:2      | Slain by a phantom

Illustrated notes

Levels and vault maps discovered:
D:1:      dpeg_arrival_windows_large_door, layout_rooms,
          hellmonk_ecumenical_altar_heavens_door
D:2:      layout_rooms

Skill      XL: |  1  2  3 |
---------------+----------+-----
Spellcasting   | 3 |  3.0
Short Blades   | |  0.5
Dodging        | |  2.6
Stealth        | |  1.7

Action                   || total
-------------------------++-------
Melee: Dagger            ||    69
       Long sword        ||    17
Throw: Dart              ||     1
 Cast: Shock             ||     9
       Static Discharge  ||     1
Invok: Draw Destruction  ||     2
       Draw Escape       ||     1
  Use: Scroll            ||     3
Armor: Robe              ||    47
Dodge: Dodged            ||    68

Table legend: (Time is in decaauts)
 A = Elapsed time spent in this place.
 B = Non-inter-level travel time spent in this place.
 C = Inter-level travel time spent in this place.
 D = Time resting spent in this place.
 E = Time spent auto-exploring this place.
 F = Levels seen in this place.
 G = Mean time per level.
                   A        B        C        D        E       F      G
               +--------+--------+--------+--------+--------+-----+--------+
         Total |   2170 |   2170 |      0 |   1291 |    187 |   2 | 1085.0 |
       Dungeon |   2170 |   2170 |      0 |   1291 |    187 |   2 | 1085.0 |
               +--------+--------+--------+--------+--------+-----+--------+

Top non-repeatable levels by time:
     D:1: 2030 daAuts
     D:2: 140 daAuts
